 Dungeon Crawl Stone Soup version 0.31-a0-188-g5e087ee2ca (webtiles) character file.

Game seed: 2470577163598013553

60 qw the Shooter (level 3, 0/20 HPs)
             Began as a Deep Elf Hunter on June 23, 2023.
             Slain by Grinder (6 damage)
             ... on level 3 of the Dungeon.
             The game lasted 00:00:29 (1796 turns).

qw the Shooter (Deep Elf Hunter)                    Turns: 1796, Time: 00:00:30

Health: 0/20       AC:  6    Str: 10    XL:     3   Next: 82%
Magic:  5/5        EV: 11    Int: 13    God:
Gold:   69         SH:  0    Dex: 18    Spells: 2/2 levels left

rFire   . . .        Y - +0 shortbow
rCold   . . .        (shield currently unavailable)
rNeg    . . .        g - +0 ring mail
rPois   .            (no helmet)
rElec   .            (no cloak)
rCorr   .            (no gloves)
SInv    .            d - +0 pair of boots
Will    .....        (no amulet)
Stlth   +            (no ring)
HPRegen 0.23/turn    (no ring)
MPRegen 0.09/turn

%: no passive effects
@: no status effects
A: no striking features
a: no special abilities


You were on level 3 of the Dungeon.
You visited 1 branch of the dungeon, and saw 3 of its levels.

You collected 69 gold pieces.


   Skills:
 - Level 1.5 Fighting
 + Level 7.3 Ranged Weapons
 - Level 2.4 Dodging
 - Level 1.2 Stealth


You had 2 spell levels left.
You didn't know any spells.
Your spell library was empty.

Inventory:

Hand Weapons
 Y - a +0 shortbow (weapon)
Armour
 d - a +0 pair of boots (worn)
 g - a +0 ring mail (worn)
Potions
 a - a potion of enlightenment {unknown}
 c - a potion of curing {unknown}

Dungeon Overview and Level Annotations

Branches:
Dungeon (3/15)

Altars:
Fedhas

Annotations:
D:3 1 transporter, Grinder


Message History

Enter note:
Enter note:
Enter note:
Enter note:
Enter note:
Enter note:
Enter note: Done exploring.
1719 ||| READING scroll labelled SOLLY ATIAGA.
As you read the scroll labelled SOLLY ATIAGA, it dissolves into smoke.
It was a scroll of fog.
Done exploring.
1720 ||| READING scroll labelled OFIWAOB ZUJENA.
As you read the scroll labelled OFIWAOB ZUJENA, it crumbles to dust.
It is a scroll of amnesia.
You feel forgetful for a moment.
Done exploring.
(D) Dungeon
Where to? (* - list waypoints, Enter - D:2, ? - help)
What level of the Dungeon? (default 1, ? - help)
There is an open door here.
There is an open door here.
There is a stone staircase leading down here.
You climb downwards.
Found a stone staircase leading up.
There is a stone staircase leading up here.
Waypoint 2 assigned to D:3.
The kobold demonologist shouts!
The shadow imp shouts!
The shadow imp shouts, "Give in, thou skyhacking toad-spotted socdollager!"
The shadow imp summons a swarm of flies.
Found a stone staircase leading down.
Grinder comes into view.
Grinder shouts!
Grinder blinks!
You shoot an arrow. The arrow closely misses Grinder.
Grinder hits you.
You writhe in agony.
You shoot an arrow.
The arrow hits Grinder but does no damage.
Grinder hits you!
You writhe in agony.
You die...

#. # #. #.##. #
.>..#####.#
.####.5.....###
........@.......
.........#######
#######..#
.55#P8#..##
~~~~#.P#...#
~~..#..#...#
}~..+/^#^..#
~~..#..#..##
~~~~#.P#.##


You could see Grinder and 2 shadow imps.

Vanquished Creatures
  A gnoll (D:2)
  An adder (D:2)
  A worm (D:2)
  2 dart slugs (D:1)
  4 bats
  An endoplasm (D:1)
  4 giant cockroaches
  2 goblins (D:1)
  3 hobgoblins
  3 jackals (D:2)
  2 quokkas (D:1)
  A ball python (D:2)
  2 kobolds
  7 rats
34 creatures vanquished.

Notes
Turn   | Place    | Note
-------+----------+-------------------------------------------
     0 | D:1      | qw the Deep Elf Hunter began the quest for the Orb.
     0 | D:1      | Reached XP level 1. HP: 12/12 MP: 3/3
     0 | D:1      | 0 ||| qw: Version: 0.3-a-9-g12657ce
     0 | D:1      | 0 ||| qw: Game counter: 3897
     0 | D:1      | 0 ||| qw: Always use a shield: true
     0 | D:1      | 0 ||| qw: God list: Okawaru
     0 | D:1      | 0 ||| qw: Allow faded altars: false
     0 | D:1      | 0 ||| qw: Do Orc after D:15 true
     0 | D:1      | 0 ||| qw: Do second Lair branch before Depths: true
     0 | D:1      | 0 ||| qw: Lair rune preference: random
     0 | D:1      | 0 ||| qw: Plans: Normal
     0 | D:1      | 0 ||| PLANNING D:1-11
   155 | D:1      | Reached XP level 2. HP: 16/16 MP: 4/4
   217 | D:1      | Reached skill level 6 in Ranged Weapons
   376 | D:1      | 376 ||| FLEEEEING.
   733 | D:1      | 733 ||| UPGRADING to +0 pair of boots.
   738 | D:1      | 738 ||| UPGRADING to +0 scale mail.
   748 | D:1      | 748 ||| DROPPING +0 leather armour.
   749 | D:1      | 749 ||| UPGRADING to +0 ring mail.
   759 | D:1      | 759 ||| DROPPING +0 scale mail.
   760 | D:1      | 760 ||| READING scroll labelled ZIVECO ENGULI.
   761 | D:1      | 761 ||| READING scroll labelled ZAKHA UNU XAQ.
   762 | D:1      | 762 ||| READING scroll labelled XOERPH SUMIR.
   763 | D:1      | 763 ||| DROPPING scroll of butterflies.
   804 | D:2      | Found a faded altar of an unknown god.
   829 | D:2      | Reached XP level 3. HP: 20/20 MP: 5/5
   996 | D:2      | Found a blossoming altar of Fedhas.
  1088 | D:2      | Reached skill level 7 in Ranged Weapons
  1093 | D:2      | HP: 5/20 [poisoned by a kobold]
  1719 | D:2      | 1719 ||| READING scroll labelled SOLLY ATIAGA.
  1720 | D:2      | 1720 ||| READING scroll labelled OFIWAOB ZUJENA.
  1781 | D:3      | Found a transporter.
  1782 | D:3      | Noticed a kobold demonologist
  1794 | D:3      | Noticed Grinder
  1796 | D:3      | Slain by Grinder

Levels and vault maps discovered:
D:1:      spicycebolla_green_bress_n_ham_2, layout_loops_ring,
          nrook_loot_triangle, hangedman_decor_push, kennysheep_another_room
D:2:      layout_loops_corners, nicolae_ecumenical_pavilion, basic_altar,
          minmay_diced_spiral
D:3:      gammafunk_wand_slinger, layout_loops_ring, tgw_sif, uniq_ijyb,
          uniq_crazy_yiuf_cottage, uniq_grinder

Skill      XL: |  1  2  3 |
---------------+----------+-----
Ranged Weapons | 6 7 |  7.3
Fighting       | |  1.5
Dodging        | |  2.4
Stealth        | |  1.2

Action                     || total
---------------------------++-------
   Fire: Shortbow          ||    98
    Use: Scroll            ||     5
 Armour: Leather armour    ||     1
         Ring mail         ||    12
  Dodge: Dodged            ||    14

Table legend:
 A = Non-vault XP
 B = Vault XP
 C = Vault XP percentage of total XP
 D = Non-vault monster count
 E = Vault monster count
 F = Vault count percentage of total count
                 A         B        C        D         E       F
            +---------+---------+-------+---------+---------+-------
      Total |      68 |      19 |  21.8 |      31 |       3 |   8.8
            +---------+---------+-------+---------+---------+-------
        D:1 |      38 |       0 |   0.0 |      21 |       0 |   0.0
        D:2 |      30 |      19 |  38.8 |      10 |       3 |  23.1
            +---------+---------+-------+---------+---------+-------
